 Dungeon Crawl Stone Soup version 0.27.1-34-g3ba077fa99 (webtiles) character file.

Game seed: 6901945438190918966

9 cbfl8 the Sneak (level 2, -5/27 HPs)
             Began as a Minotaur Delver on Jan 22, 2022.
             Slain by a phantom (7 damage)
             ... on level 6 of the Dungeon.
             The game lasted 00:00:23 (74 turns).

cbfl8 the Sneak (Minotaur Delver)                     Turns: 74, Time: 00:00:24

Health: -5/27      AC:  3    Str: 16    XL:     2   Next: 3%
Magic:  1/1        EV: 11    Int:  7    God:
Gold:   0          SH:  0    Dex: 11    Spells: 1/1 levels left

rFire    . . .     SeeInvis .   a - +0 hand axe
rCold    . . .     Faith    .   (no shield)
rNeg     . . .     Spirit   .   b - +0 leather armour
rPois    .         Reflect  .   (helmet restricted)
rElec    .         Harm     .   (no cloak)
rCorr    .         Rampage  .   (no gloves)
Will     .....                  (no boots)
Stlth    ++........             (no amulet)
HPRegen  0.09/turn              (no ring)
MPRegen  0.07/turn              (no ring)

@: lethally poisoned (-5 -> -7)
A: horns 2, retaliatory headbutt
a: no special abilities


You were on level 6 of the Dungeon.
You visited 1 branch of the dungeon, and saw 2 of its levels.

Inventory:

Hand Weapons
 a - a +0 hand axe (weapon)
Armour
 b - a +0 leather armour (worn)
Wands
 g - a wand of digging (3)
Scrolls
 c - a scroll of fog
 d - a scroll of magic mapping
 e - a scroll of fear
Potions
 f - a potion of haste


   Skills:
 + Level 3.7 Fighting
 + Level 2.5 Axes
 + Level 0.1 Armour
 + Level 2.2 Dodging
 + Level 4.4 Stealth


You had one spell level left.
You didn't know any spells.
Your spell library was empty.

Dungeon Overview and Level Annotations

Branches:
Dungeon (6/15)
 Temple: D:4-7

Altars:


Innate Abilities, Weirdness & Mutations

You have a pair of horns on your head.
You reflexively headbutt those who attack you in melee.


Message History

You feel sick. The adder bites you but does no damage.
You closely miss the adder. You headbutt the adder.
The adder is severely wounded.
You feel sick. The adder closely misses you.
A phantom comes into view.
The adder bites you but does no damage.
You barely miss the adder. Your headbutt misses the adder.
The adder is severely wounded.
You feel sick.
You are no longer poisoned.
The adder bites you.
You are poisoned.
The adder poisons you!
You closely miss the adder. Your headbutt misses the adder.
The adder is severely wounded.
You feel sick. The adder completely misses you. The adder barely misses you.
You closely miss the adder. Your headbutt misses the adder.
The adder is severely wounded.
You feel sick. The adder bites you.
You are lethally poisoned!
The adder poisons you!
Unknown command.
You hit the adder. Your headbutt misses the adder.
The adder is almost dead.
* * * LOW HITPOINT WARNING * * *
You feel sick. The adder barely misses you. The adder closely misses you.
You hit the adder.
You kill the adder!
* * * LOW HITPOINT WARNING * * *
You feel sick.
You have reached level 2!
* * * LOW HITPOINT WARNING * * *
You feel sick. The phantom completely misses you.
You see here an adder corpse.
Unknown command.
* * * LOW HITPOINT WARNING * * *
You feel sick.
* * * LOW HITPOINT WARNING * * *
You feel sick. The phantom hits you!
You die...

#...<.......
#........... #
###....#.##.
#.####....######
#.....(#.......#
#........####...
##...#..## .
.#...##.#####
.....##.#@..#
#.......W..##
.........###
....?##.## .>..#
#.. .... #.. ...
..#. .. #.## #..


You could see a phantom.

Vanquished Creatures
  An adder (D:6)
1 creature vanquished.

Notes
Turn   | Place    | Note
-------+----------+-------------------------------------------
     0 | D:5      | cbfl8 the Minotaur Delver began the quest for the Orb.
     0 | D:5      | Reached XP level 1. HP: 19/19 MP: 0/0
    66 | D:6      | Noticed a phantom
    72 | D:6      | Reached XP level 2. HP: 4/27 MP: 1/1
    74 | D:6      | Slain by a phantom

Illustrated notes

Levels and vault maps discovered:
D:5:      layout_layer_cave, bloody_makhleb, minmay_misc_feat_nine_boxes,
          minmay_misc_feat_tower, bh_walls_and_bars, uniq_grinder,
          uniq_menkaure, uniq_duvessa, uniq_crazy_yiuf_cottage
D:6:      layout_cave_pools, gammafunk_temple_overflow_claw,
          minmay_temple_entry_glassed_door, uniq_sigmund

Action                   || total
-------------------------++-------
Melee: Hand axe          ||    10
       Headbutt          ||     1
 Stab: Sleeping          ||     1
Armor: Leather armour    ||     5
Dodge: Dodged            ||     7
